 Dungeon Crawl Stone Soup version 0.31-a0-210-gccc998df9b (webtiles) character file.

Game seed: 2250944026633932333

3038 night the Spear-Bearer (level 9, -8/72 HPs)
             Began as a Merfolk Fighter on June 29, 2023.
             Was a Believer of Okawaru.
             Killed from afar by a gargoyle (15 damage)
             ... with a stone arrow
             ... in a bailey.
             The game lasted 00:16:27 (8099 turns).

night the Spear-Bearer (Merfolk Fighter)            Turns: 8099, Time: 00:16:27

Health: -8/72      AC: 11    Str: 20    XL:     9   Next: 86%
Magic:  7/9        EV: 17    Int:  3    God:    Okawaru [**....]
Gold:   257        SH:  7    Dex: 14    Spells: 8/8 levels left

rFire   . . .        a - +0 trident
rCold   + + .        c - +0 buckler
rNeg    . . .        q - +3 leather armour of Hadjma {rC++ Int-4}
rPois   .            (no helmet)
rElec   .            o - +0 cloak
rCorr   .            i - +0 pair of gloves
SInv    .            r - +0 pair of boots
Will    .....        (no amulet)
Stlth   +++          (no ring)
HPRegen 0.32/turn    (no ring)
MPRegen 0.11/turn

%: no passive effects
@: heroic
A: (nimble swimmer 2), mertail
a: Renounce Religion, Heroism


You were in a bailey.
You worshipped Okawaru.
Okawaru was pleased with you.
You visited 2 branches of the dungeon, and saw 8 of its levels.
You also visited: Bailey.

You collected 347 gold pieces.
You spent 90 gold pieces at shops.

Inventory:

Hand Weapons
 a - a +0 trident (weapon)
Missiles
 l - 10 boomerangs
 p - 49 stones
 s - 7 poisoned darts
Armour
 b - a +0 scale mail
 c - a +0 buckler (worn)
 i - a +0 pair of gloves (worn)
 o - a +0 cloak (worn)
 q - the +3 leather armour of Hadjma (worn) {rC++ Int-4}
   (You found it on level 4 of the Dungeon)

   Int:       It affects your intelligence (-4).
   rC:        It greatly protects you from cold.
 r - a +0 pair of boots (worn)
Wands
 n - a wand of flame (22)
Scrolls
 e - 2 scrolls of fear
 g - 3 scrolls of teleportation
 m - a scroll of identify
 u - a scroll of summoning
 v - a scroll of acquirement {unknown}
 w - a scroll of fog {unknown}
Potions
 d - 2 potions of might
 f - 2 potions of mutation {unknown}
 h - a potion of lignification
 j - 2 potions of curing
 k - 2 potions of haste
 t - 3 potions of heal wounds
Miscellaneous
 x - a phantom mirror


   Skills:
 + Level 7.1(12.1) Fighting
 * Level 11.0(16.0) Polearms
 + Level 3.5(8.5) Armour
 + Level 7.3(12.3) Dodging
 + Level 6.4(11.4) Shields


You had 8 spell levels left.
You didn't know any spells.
Your spell library contained the following spells:

 Spells                   Type           Power      Damage    Failure   Level
 Scorch                   Fire           0%         2d5       77%         2
 Cause Fear               Hex            0%         N/A       100%        4
 Flame Wave               Conj/Fire      0%         2d4       100%        4
 Passage of Golubria      Tloc           0%         N/A       100%        4
 Borgnjor's Vile Clutch   Necr/Erth      0%         N/A       100%        5
 Silence                  Hex/Air        0%         N/A       100%        5
 Yara's Violent Unravell  Hex/Tmut       0%         3d3       100%        5
 Dragon Form              Tmut           0%         N/A       100%        7
 Lehudib's Crystal Spear  Conj/Erth      0%         10d2      100%        8
 Tukima's Dance           Hex            Unusable   N/A       N/A         3
 Animate Dead             Necr           Unusable   N/A       N/A         4
 Death Channel            Necr           Unusable   N/A       N/A         6
 Summon Cactus Giant      Summ           Unusable   N/A       N/A         6
 Dragon's Call            Summ           Unusable   N/A       N/A         9

Dungeon Overview and Level Annotations

Branches:
Dungeon (7/15)             Temple (1/1) D:5          Bailey (1/1)

Altars:
Ashenzari
Cheibriados
Dithmenos
Elyvilon
Fedhas
Gozag
Nemelex Xobeh
Okawaru
Ru
Sif Muna
Uskayaw
Wu Jian
Zin
The Shining One


Innate Abilities, Weirdness & Mutations

((You are very nimble when in or above water. (Stealth+, EV+, Speed+++)))
Your lower body shifts to a powerful aquatic tail in water.


Message History

The gargoyle barely misses you.
You hit the gargoyle but do no damage.
The gargoyle is heavily damaged.
You hit the gargoyle but do no damage.
The gargoyle is heavily damaged.
The gargoyle hits you with a +0 mace!
You barely miss the gargoyle.
The gargoyle is heavily damaged.
The gargoyle hits you with a +0 mace!
You barely miss the gargoyle.
The gargoyle is heavily damaged.
The gargoyle hits you with a +0 mace!
* * * LOW HITPOINT WARNING * * *
You hit the gargoyle.
The gargoyle is severely damaged.
The gargoyle hurls a stone arrow at you.
The stone arrow misses you.
You completely miss the gargoyle.
The gargoyle is severely damaged.
You hit the gargoyle but do no damage.
The gargoyle is severely damaged.
The gargoyle misses you.
You hit the gargoyle.
The gargoyle is severely damaged.
The gargoyle hurls a stone arrow at you.
The stone arrow hits you.
* * * LOW HITPOINT WARNING * * *
You gain the combat prowess of a mighty hero.
You block the gargoyle's attack.
You barely miss the gargoyle.
The gargoyle is severely damaged.
You hit the gargoyle but do no damage.
The gargoyle is severely damaged.
The gargoyle hits you with a +0 mace!
* * * LOW HITPOINT WARNING * * *
You barely miss the gargoyle.
The gargoyle is severely damaged.
The gargoyle hurls a stone arrow at you.
The stone arrow hits you!
You die...

#.....#.)###''########
..)...#.)..#.....8#
......#....#......#
...♣..######).....#
...♣.......))##...# #
...♣♣♣......##....# .#
............#....##..#
..♣♣..♣....##..)##...#
...........)##..@9...#
#............##....###
.....♣........#...##
.......♣......#..##
#.)......♣....#..#
..............#..+
...#'##.......#..+
...#))#####..8#..#
####..')÷.#####


You could see a gargoyle.

Vanquished Creatures
  Grinder (D:3)
  A hornet (D:6)
  A steam dragon (D:6)
  A sky beast (D:6)
  An ice beast (D:6)
  An ogre (D:6)
  A centaur (D:7)
  2 phantoms (D:6)
  A bullfrog (D:6)
  A wyvern zombie (D:6)
  A water moccasin zombie (D:6)
  3 scorpions
  3 wights (D:5)
  7 vampire bats (Bailey)
  A howler monkey (D:5)
  6 wolf zombies (Bailey)
  Crazy Yiuf (D:3)
  2 orc priests
  A bullfrog skeleton (D:6)
  A gnoll bouda (D:6)
  3 hounds (D:5)
  3 jellies
  An iguana (D:6)
  A sleepcap (D:5)
  Jessica (D:3)
  Terence (D:3)
  4 orc wizards
  2 killer bee zombies (D:6)
  6 gnolls
  A howler monkey skeleton (D:6)
  10 adders
  A white imp (D:6)
  2 ufetubi (D:6)
  2 worms
  3 dart slugs
  23 orcs
  6 ball pythons
  5 bats
  4 endoplasms
  2 giant cockroaches
  8 hobgoblins
  5 jackals
  5 kobolds
  4 quokkas
  2 frilled lizards
  10 goblins
  24 orc zombies (Bailey)
  7 rats
183 creatures vanquished.

Notes
Turn   | Place    | Note
-------+----------+-------------------------------------------
     0 | D:1      | night the Merfolk Fighter began the quest for the Orb.
     0 | D:1      | Reached XP level 1. HP: 18/18 MP: 1/1
    54 | D:1      | Reached skill level 3 in Polearms
    67 | D:1      | Reached XP level 2. HP: 24/24 MP: 2/2
   236 | D:1      | Reached skill level 1 in Dodging
   555 | D:1      | Reached XP level 3. HP: 26/29 MP: 3/3
   929 | D:2      | Reached skill level 4 in Polearms
   979 | D:2      | Reached XP level 4. HP: 37/37 MP: 4/4
  1299 | D:2      | Reached skill level 2 in Dodging
  1600 | D:3      | Noticed Grinder
  1633 | D:3      | HP: 5/37 [Grinder (2)]
  1639 | D:3      | HP: 6/55 [Grinder (3)]
  1640 | D:3      | Killed Grinder
  1641 | D:3      | Reached skill level 5 in Polearms
  1641 | D:3      | Reached XP level 5. HP: 8/43 MP: 5/5
  1641 | D:3      | Reached XP level 6. HP: 9/49 MP: 6/6
  1805 | D:3      | Found a runed translucent door.
  1806 | D:3      | Noticed Crazy Yiuf
  1817 | D:3      | Killed Crazy Yiuf
  2047 | D:3      | Noticed Jessica
  2061 | D:3      | Killed Jessica
  2097 | D:3      | Reached skill level 6 in Polearms
  2143 | D:3      | HP: 7/49 [something (2)]
  2148 | D:3      | HP: 6/49 [something (1)]
  2378 | D:3      | Noticed Terence
  2424 | D:3      | Killed Terence
  2902 | D:3      | Reached XP level 7. HP: 52/55 MP: 7/7
  3108 | D:4      | Identified the +3 leather armour of Hadjma {rC++ Int-4}
  3290 | D:4      | Found an opulent altar of Gozag.
  3795 | D:5      | Entered Level 5 of the Dungeon
  4478 | D:5      | Reached skill level 5 in Fighting
  4478 | D:5      | Reached skill level 7 in Polearms
  4905 | D:5      | Reached XP level 8. HP: 58/62 MP: 8/8
  4913 | D:5      | Found a staircase to the Ecumenical Temple.
  4922 | D:5      | Reached skill level 5 in Dodging
  4944 | Temple   | Entered the Ecumenical Temple
  5287 | Temple   | Became a worshipper of Warmaster Okawaru
  5310 | D:5      | Reached skill level 8 in Polearms
  5504 | D:5      | Reached skill level 5 in Shields
  5730 | D:5      | Found a shimmering blue altar of Sif Muna.
  6046 | D:6      | Reached * piety under Okawaru
  6055 | D:6      | Noticed a hornet
  6063 | D:6      | Killed a hornet
  6064 | D:6      | Reached skill level 9 in Polearms
  6219 | D:6      | Reached XP level 9. HP: 54/69 MP: 9/9
  6315 | D:6      | Reached ** piety under Okawaru
  6479 | D:6      | Reached skill level 10 in Polearms
  7253 | D:7      | Found Zin's Purification Station.
  7253 | D:7      | Found a glowing silver altar of Zin.
  7272 | D:7      | Bought a potion of curing for 90 gold pieces
  7298 | D:7      | Found a broken altar of Ashenzari.
  7338 | D:7      | Found a flagged portal.
  7351 | Bailey   | Entered a bailey
  7920 | Bailey   | Reached skill level 11 in Polearms
  8078 | Bailey   | Noticed a gargoyle
  8098 | Bailey   | HP: 7/72 [gargoyle/+0 mace (11)]
  8099 | Bailey   | Killed from afar by a gargoyle

Illustrated notes

Levels and vault maps discovered:
D:1:      lemuel_arrival_room, layout_loops_ring, kennysheep_flooded_box,
          item_on_display_a
D:2:      layout_basic, amethyst_killhole, minmay_pentomino_p2
D:3:      layout_basic, uniq_jessica, uniq_crazy_yiuf_cottage, uniq_terence,
          uniq_grinder
D:4:      corexii_shack_village, layout_loops_ring, old_standard_altar,
          minmay_ruptured
D:5:      layout_gridville, led_sif_pool, minmay_temple_entry_statues_pillars,
          nicolae_half_adder
D:6:      layout_rooms, serial_undead, serial_undead_e, serial_undead_b,
          serial_undead_d, serial_undead_d, hangedman_decor_peaks_small,
          due_unseen_surprise
D:7:      layout_basic, mainiacjoe_overflow_paths, zin_purify, enter_bailey_3,
          serial_co_window_serial, co_window_of_opportunity_a,
          co_window_paths_a, co_window_corner_a, co_window_paths_a,
          co_window_paths_a, co_window_of_opportunity_a, co_window_cross_2,
          co_window_corner_b, co_window_unsneaky_path_e, co_window_broadway_b,
          co_window_paths_c, co_window_cross_2, glass_columns_a,
          glass_columns_a, glass_columns_a, glass_columns_a, glass_columns_b
Temple:   dpeg_chambers_temple
Bailey:   bailey_polearm_vampire_castle_hellmonk, bailey

Skill      XL: |  1  2  3  4  5  6  7  8  9 |
---------------+----------------------------+-----
Polearms       | 3 4 5 6 7 9 11 | 11.0
Dodging        | 1 3 4 6 7 |  7.3
Fighting       | 4 5 6 7 |  7.1
Shields        | 4 5 6 |  6.4
Armour         | 3 |  3.5

Action                     |  1- 3 |  4- 6 |  7- 9 || total
---------------------------+-------+-------+-------++-------
  Melee: Trident           |   103 |   187 |   720 ||  1010
  Throw: Dart              |       |       |     2 ||     2
 Invoke: Heroism           |       |       |     1 ||     1
    Use: Potion            |       |     2 |       ||     2
         Scroll            |       |       |     7 ||     7
   Stab: Sleeping          |       |       |     3 ||     3
 Armour: Scale mail        |    32 |    60 |       ||    92
         Skin              |       |     1 |       ||     1
         Leather armour    |       |       |   176 ||   176
  Dodge: Dodged            |    28 |    55 |   308 ||   391
  Block: Buckler           |    16 |    23 |   154 ||   193

Table legend: (Time is in decaauts)
 A = Elapsed time spent in this place.
 B = Non-inter-level travel time spent in this place.
 C = Inter-level travel time spent in this place.
 D = Time resting spent in this place.
 E = Time spent auto-exploring this place.
 F = Levels seen in this place.
 G = Mean time per level.
                   A        B        C        D        E       F      G
               +--------+--------+--------+--------+--------+-----+--------+
         Total |   8041 |   7808 |    233 |   1529 |   4615 |   9 |  893.4 |
       Dungeon |   6986 |   6787 |    199 |   1089 |   4318 |   7 |  998.0 |
        Temple |    356 |    322 |     34 |    125 |    188 |   1 |  356.0 |
        Bailey |    698 |    698 |      0 |    315 |    109 |   1 |  698.0 |
               +--------+--------+--------+--------+--------+-----+--------+

Top non-repeatable levels by time:
     D:3: 1532 daAuts
     D:6: 1355 daAuts
     D:5: 1352 daAuts
     D:4: 1072 daAuts
     D:2: 797 daAuts
     D:1: 742 daAuts
  Bailey: 698 daAuts
  Temple: 356 daAuts
     D:7: 132 daAuts
